 Dungeon Crawl Stone Soup version 0.31-a0-187-gba352fbbf7 (webtiles) character file.

Game seed: 7814470775945956122

59 qw the Shooter (level 3, -2/20 HPs)
             Began as a Deep Elf Hunter on June 22, 2023.
             Constricted to death by Ijyb (4 damage)
             ... on level 3 of the Dungeon.
             The game lasted 00:00:33 (1537 turns).

qw the Shooter (Deep Elf Hunter)                    Turns: 1537, Time: 00:00:33

Health: -2/20      AC:  3    Str: 10    XL:     3   Next: 78%
Magic:  5/5        EV:  9    Int: 13    God:
Gold:   111        SH:  0    Dex: 18    Spells: 2/2 levels left

rFire   . . .        Y - +3 orcbow
rCold   . . .        (shield currently unavailable)
rNeg    . . .        c - +0 leather armour
rPois   .            (no helmet)
rElec   .            (no cloak)
rCorr   .            (no gloves)
SInv    .            (no boots)
Will    .....        m - amulet of regeneration
Stlth   ++           (no ring)
HPRegen 1.03/turn    (no ring)
MPRegen 0.09/turn

%: no passive effects
@: grasped by roots, constricted
A: no striking features
a: no special abilities


You were on level 3 of the Dungeon.
You visited 1 branch of the dungeon, and saw 3 of its levels.

You collected 111 gold pieces.


   Skills:
 - Level 1.5 Fighting
 + Level 7.3 Ranged Weapons
 - Level 2.4 Dodging
 - Level 1.2 Stealth


You had 2 spell levels left.
You didn't know any spells.
Your spell library was empty.

Inventory:

Hand Weapons
 Y - a +3 orcbow (weapon)
Armour
 c - a +0 leather armour (worn)
Jewellery
 m - an amulet of regeneration (around neck)
Potions
 a - a potion of haste
 b - a potion of heal wounds {unknown}
 d - a potion of brilliance {unknown}
 f - a potion of mutation {unknown}
 g - a potion of lignification {unknown}
 h - a potion of enlightenment {unknown}
 i - a potion of curing
 j - a potion of attraction {unknown}

Dungeon Overview and Level Annotations

Branches:
Dungeon (3/15)

Altars:

Annotations:
D:3 Ijyb


Message History

Where to? (* - list waypoints, Enter - D:3, ? - help)
What level of the Dungeon? (default 1, ? - help)
You feel yourself slow down.
There is an open door here.
There is an open door here.
There is a stone staircase leading up here.
You climb upwards.
There is a stone staircase leading down here.
Enter note:
Enter note:
Enter note:
Enter note:
Enter note:
Enter note:
Enter note:
Enter note:
Enter note:
There is a stone staircase leading down here.
You climb downwards.
Found a scroll labelled LERUAVIRIC.
There is a stone staircase leading up here.
You shoot an arrow. The arrow hits the rat!
You kill the rat!
You shoot an arrow. The arrow completely misses Ijyb.
You shoot an arrow. The arrow hits Ijyb but does no damage.
You shoot an arrow. The arrow barely misses Ijyb.
Ijyb barely misses you.
You shoot an arrow. The arrow closely misses Ijyb.
Ijyb zaps a wand.
The roots erupt in riotous growth!
The grasping roots grab you!
Ijyb is unaffected.
The grasping roots constrict you. Ijyb hits you with a +0 dagger.
The grasping roots constrict you.
You hear an angry hiss.
You shoot an arrow. The arrow hits Ijyb.
Ijyb is moderately wounded.
Ijyb hits you with a +0 dagger. The grasping roots constrict you.
You shoot an arrow. The arrow hits Ijyb but does no damage.
Ijyb is moderately wounded.
Ijyb hits you with a +0 dagger. The grasping roots constrict you.
You die...

#.#
#######.#
#.......#
#.......##
#........#
+........#
#?...%.g.#
#......@#
#######.#
#+#


You could see Ijyb.

Vanquished Creatures
  An adder (D:3)
  3 worms (D:2)
  A dart slug (D:1)
  4 orcs (D:2)
  4 endoplasms (D:1)
  2 giant cockroaches
  5 hobgoblins
  4 kobolds
  A ball python (D:1)
  2 bats
  3 goblins (D:1)
  5 rats
35 creatures vanquished.

Notes
Turn   | Place    | Note
-------+----------+-------------------------------------------
     0 | D:1      | qw the Deep Elf Hunter began the quest for the Orb.
     0 | D:1      | Reached XP level 1. HP: 12/12 MP: 3/3
     0 | D:1      | 0 ||| qw: Version: 0.3-a-9-g12657ce
     0 | D:1      | 0 ||| qw: Game counter: 2640
     0 | D:1      | 0 ||| qw: Always use a shield: true
     0 | D:1      | 0 ||| qw: God list: Okawaru
     0 | D:1      | 0 ||| qw: Allow faded altars: false
     0 | D:1      | 0 ||| qw: Do Orc after D:15 true
     0 | D:1      | 0 ||| qw: Do second Lair branch before Depths: true
     0 | D:1      | 0 ||| qw: Lair rune preference: random
     0 | D:1      | 0 ||| qw: Plans: Normal
     0 | D:1      | 0 ||| PLANNING D:1-11
   275 | D:1      | Reached XP level 2. HP: 16/16 MP: 4/4
   325 | D:1      | Reached skill level 6 in Ranged Weapons
   331 | D:1      | 331 ||| FLEEEEING.
   332 | D:1      | 332 ||| FLEEEEING.
   334 | D:1      | 334 ||| FLEEEEING.
   335 | D:1      | 335 ||| FLEEEEING.
   337 | D:1      | 337 ||| FLEEEEING.
   338 | D:1      | 338 ||| FLEEEEING.
   339 | D:1      | 339 ||| FLEEEEING.
   340 | D:1      | 340 ||| FLEEEEING.
   341 | D:1      | 341 ||| FLEEEEING.
   342 | D:1      | 342 ||| FLEEEEING.
   343 | D:1      | 343 ||| FLEEEEING.
   344 | D:1      | 344 ||| FLEEEEING.
   345 | D:1      | 345 ||| FLEEEEING.
   346 | D:1      | 346 ||| FLEEEEING.
   347 | D:1      | 347 ||| FLEEEEING.
   348 | D:1      | 348 ||| FLEEEEING.
   687 | D:1      | 687 ||| SWAPPING to +3 orcbow.
   688 | D:1      | 688 ||| DROPPING +0 shortbow.
   779 | D:1      | 779 ||| READING scroll labelled XYGUMU BUISO.
   780 | D:1      | 780 ||| READING scroll labelled JUAGRI RIVAFF.
   781 | D:1      | 781 ||| DROPPING scroll of butterflies.
   897 | D:2      | Reached XP level 3. HP: 20/20 MP: 5/5
  1042 | D:2      | Reached skill level 7 in Ranged Weapons
  1077 | D:2      | 1077 ||| UPGRADING to amulet of regeneration.
  1117 | D:2      | Found a faded altar of an unknown god.
  1419 | D:2      | 1419 ||| READING scroll labelled GASIKA WITELE.
  1420 | D:2      | 1420 ||| READING scroll labelled TEV MI ASUQAL.
  1421 | D:2      | 1421 ||| READING scroll labelled XEODEOWIXZE.
  1424 | D:2      | 1424 ||| DRINKING 2 murky ruby potions.
  1425 | D:2      | 1425 ||| DRINKING 2 silvery potions.
  1530 | D:3      | Noticed Ijyb
  1536 | D:3      | HP: 4/20 [constriction (4)]
  1537 | D:3      | Constricted to death by Ijyb

Levels and vault maps discovered:
D:1:      dpeg_arrival_fog, layout_basic, serial_corexii_hall,
          chequers_hall_statues_corner_a, corexii_hall_statues_x
D:2:      layout_rooms, ebering_ecumenical_altar_box, mrwooster_statue_mirror,
          wad_orctagon
D:3:      layout_basic, vehumet_crystals, lemuel_round_altar, serial_shops,
          shop, uniq_ijyb

Skill      XL: |  1  2  3 |
---------------+----------+-----
Ranged Weapons | 6 7 |  7.3
Fighting       | |  1.5
Dodging        | |  2.4
Stealth        | |  1.2

Action                     || total
---------------------------++-------
   Fire: Shortbow          ||    41
         Orcbow            ||    56
    Use: Scroll            ||     5
         Potion            ||     2
 Armour: Leather armour    ||     3
  Dodge: Dodged            ||    15

Table legend:
 A = Non-vault XP
 B = Vault XP
 C = Vault XP percentage of total XP
 D = Non-vault monster count
 E = Vault monster count
 F = Vault count percentage of total count
                 A         B        C        D         E       F
            +---------+---------+-------+---------+---------+-------
      Total |      73 |      12 |  14.1 |      31 |       4 |  11.4
            +---------+---------+-------+---------+---------+-------
        D:1 |      27 |       0 |   0.0 |      15 |       0 |   0.0
        D:2 |      31 |      12 |  27.9 |      13 |       4 |  23.5
        D:3 |      15 |       0 |   0.0 |       3 |       0 |   0.0
            +---------+---------+-------+---------+---------+-------
